 Dungeon Sprint DCSS version 0.29-a0-319-gad05b8d819 (webtiles) character file.

Game seed: 7221859086192113122

382225 Turgor the Executioner (level 16, 185/185 HPs)
             Began as a Minotaur Berserker on Apr 1, 2022.
             Was the Champion of Trog.
             Escaped with the Orb!
             The game lasted 01:24:58 (4577 turns).

Turgor the Executioner (Minotaur Berserker)         Turns: 4577, Time: 01:24:58

Health: 185/185    AC: 42    Str: 32    XL:     16   Next: 47%
Magic:  5/13       EV: 18    Int:  6    God:    Trog [******]
Gold:   1827       SH:  0    Dex: 20    Spells: 15/15 levels left

rFire   + . .      SeeInvis +   c - +7 executioner's axe of Unreason {vorpal, Str+2}
rCold   + + .      Faith    .   (shield currently unavailable)
rNeg    . . .      Spirit   .   B - +3 gold dragon scales
rPois   +          Reflect  .   C - +2 hat {SInv}
rElec   .          Harm     .   G - +1 cloak {rCorr}
rCorr   +          Rampage  ∞   K - +0 pair of gloves {infuse}
Will    +++..      NoTele   +   M - +3 pair of seven-league boots {Rampage+∞}
Stlth   ..........              z - amulet of Vitality {Regen+ HP+15}
HPRegen 2.20/turn               R - ring of the Durable God {AC+4 Dex+4 Slay+3 Stlth+}
MPRegen 0.13/turn               T - ring "Koggeusi" {rC+ Str+3 Dex+3}

@: strong-willed, flying (expiring), regenerating
A: horns 2, retaliatory headbutt, clever 1, low MP 1
0: Orb of Zot
a: Renounce Religion, Berserk, Trog's Hand, Brothers in Arms


You escaped.
You worshipped Trog.
Trog was exalted by your worship.
You visited 1 branch You collected 5728 gold pieces.
You spent 3901 gold pieces at shops.

Inventory:

Hand Weapons
 b - a +7 antimagic executioner's axe
 c - the +7 executioner's axe of Unreason (weapon) {vorpal, Str+2}
   (Trog gifted it to you in the Dungeon)

   It inflicts extra damage upon your enemies.
   Str:       It affects your strength (+2).
 h - a +2 vorpal lajatang
 k - a +4 battleaxe of flaming
 w - a +3 vampiric hand axe
 y - a +2 war axe
 F - the +7 Singing Sword {vorpal, sonic wave}
   (You found it in the Dungeon)

   It inflicts extra damage upon your enemies.
   It radiates damaging sonic waves as it strikes, especially in combat
   involving dangerous or numerous foes.
 I - the +12 bardiche of Lainaung {freeze, Fly rElec rF+}
   (You found it in the Dungeon)

   It freezes those it strikes, dealing additional cold damage.
   It can also slow down cold-blooded creatures.
   rF:        It protects you from fire.
   rElec:     It insulates you from electricity.
   Fly:       It grants you flight.
 U - the +7 trident of Greed {flame, rC+++}
   (You took it off an orc priest in the Dungeon)

   It burns those it strikes, dealing additional fire damage.
   rC:        It renders you almost immune to cold.
 V - the +4 hand axe of War {vorpal, Will++ MP+9 Str+2 Dex+3}
   (You found it in the Dungeon)

   It inflicts extra damage upon your enemies.
   Str:       It affects your strength (+2).
   Dex:       It affects your dexterity (+3).
   MP:        It affects your magic capacity (+9).
   Will:      It greatly increases your willpower.
Missiles
 a - 3 javelins (quivered)
 n - 3 silver javelins
Armour
 o - a +0 buckler
 B - +3 gold dragon scales (worn)
 C - a +2 hat of see invisible (worn)
 G - a +1 cloak of preservation (worn)
 K - a +0 pair of gloves of infusion (worn)
 M - the +3 pair of seven-league boots (worn) {Rampage+∞}
   (You bought it in a shop in the Dungeon)

   Its wearer moves as far as possible in that direction when moving towards
   enemies.
Jewellery
 i - a ring of positive energy
 l - a ring of flight
 z - the amulet of Vitality (around neck) {Regen+ HP+15}
   (You bought it in a shop in the Dungeon)

   [amulet of regeneration]

   HP:        It affects your health (+15).
   Regen:     It increases your rate of health regeneration.
 R - the ring of the Durable God (left hand) {AC+4 Dex+4 Slay+3 Stlth+}
   (You found it in the Dungeon)

   [ring of protection]

   AC:        It affects your AC (+4).
   Dex:       It affects your dexterity (+4).
   Slay:      It affects your accuracy & damage with ranged weapons and melee
   (+3).
   Stlth:     It makes you more stealthy.
 T - the ring "Koggeusi" (right hand) {rC+ Str+3 Dex+3}
   (You took it off an orc priest in the Dungeon)

   [ring of protection from cold]

   Str:       It affects your strength (+3).
   Dex:       It affects your dexterity (+3).
   rC:        It protects you from cold.
 X - the ring "Umisecko" {Ice rElec Will+}
   (You found it in the Dungeon)

   [ring of ice]

   It enhances your ice magic.
   rF:        It makes you vulnerable to fire.
   rC:        It protects you from cold.
   rElec:     It insulates you from electricity.
   Will:      It increases your willpower.
Wands
 N - a wand of iceblast (4)
Scrolls
 j - 2 scrolls of fear
 m - 2 scrolls of vulnerability
 v - 4 scrolls of fog
 x - a scroll of enchant weapon
 D - 2 scrolls of holy word
 L - a scroll of magic mapping
 O - a scroll of blinking
 P - a scroll of identify
Potions
 d - 4 potions of heal wounds
 e - 7 potions of haste
 f - 23 potions of magic
 g - a potion of berserk rage
 p - 3 potions of cancellation
 q - 3 potions of resistance
 r - a potion of might
 s - 8 potions of flight
 t - 2 potions of invisibility
 u - a potion of lignification
 E - 28 potions of mutation
 Q - 2 potions of curing
Miscellaneous
 H - a phantom mirror
 J - a lightning rod (4/4)
 S - a condenser vane
 W - a phial of floods


   Skills:
 + Level 22.3 Fighting
 - Level 24.0(25.6) Axes
 * Level 16.2(22.0) Polearms
 - Level 11.0 Throwing
 + Level 21.4 Armour
 + Level 18.2 Dodging
 * Level 13.7 Evocations


You had 15 spell levels left.
You didn't know any spells.
Your spell library was empty.

Dungeon Overview and Level Annotations

Branches:
Dungeon (1/1)

Altars:
Cheibriados
Dithmenos
Elyvilon
Fedhas
Gozag
Hepliaklqana
Kikubaaqudgha
Makhleb
Nemelex Xobeh
Okawaru
Qazlal
Ru
Sif Muna
Trog
Uskayaw
Vehumet
Wu Jian
Xom
Yredelemnul
Zin
The Shining One
Beogh
Jiyva
Lugonu

Shops:
D ?[=:[([(*(*=:?:!?:[![*!*(:(*![([*::[


Innate Abilities, Weirdness & Mutations

You have a pair of horns on your head.
You reflexively headbutt those who attack you in melee.
Your mind is acute. (Int +2)
Your magical capacity is low. (-10% MP)


Message History

Something appears at your feet!
You see here a +3 war axe.
Your base Polearms skill increases to level 16!
Your Dodging skill increases to level 18!
A rust devil comes into view.
The rust devil screeches!
An orange demon comes into view.
There is an open door, spattered with blood here.
Things that are here:
a +3 dagger of distortion; 3 curare-tipped darts You slice the rust devil!!
The rust devil is heavily wounded.
The rust devil hits you. The rust devil corrodes you!
The orange demon stings you but does no damage.
You open the rust devil like a pillowcase!!!
You kill the rust devil!
Trog accepts your kill.
You stride towards the orange demon!
You cut the orange demon into ribbons!!!
You headbutt the orange demon!
You kill the orange demon!
Trog accepts your kill.
There is a fountain of blood here.
Okay, then.
You feel very buoyant.
You fly up into the air.
There is a fountain of blood here.
There is an open door here.
Your extra speed is starting to run out.
You are no longer corroded.
Things that are here:
a +0 hand axe; a +0 arbalest You feel yourself slow down.
An orange demon comes into view.
You are starting to lose your buoyancy.
You reach down and open the door.
There is an open door here.
There is an open door here.
There is a staircase leading out of the dungeon here.
You can't go down here!
You have escaped!

##########≈≈#''°#'''##***,,,,*,*#
#########≈≈≈...[.○...#,,+,,,,*,,#
.∩.∩....#≈≈≈≈.##○##..#,,***#.*,k#
..∩.∩...#≈≈≈≈##)#.##.####,,+.##.#
...∩.∩..#≈≈≈≈#..#..#....#,,*...##
......⌠.#≈≈..##...####..##**#..##
...∩.∩..#≈#...##'###.##..#,,+..#.
..∩.∩...#≈#.#..#.##..4#..#,,#.^#.
.∩.∩....'≈'.##+.@.'##.'..####.^##
∩.∩.....#≈#.#....##.###....###...
▓▓▓▓▓▓###≈#..#..'.##.##......≈≈)≈
.[.######≈≈.##.....###≈≈...§.≈#'#
[..#..'.##≈≈≈#.....#≈≈≈≈≈≈≈§.≈#_.
∩.[÷..#'##'#≈#....#.≈4§≈≈≈≈≈.≈#._
(..#.##§##.#≈≈..'#.≈≈§≈§§≈§§§≈#_.
.).###§§§####§§§)≈≈≈≈§§≈≈§§≈§≈#._
#)###≈≈≈≈≈#,#§''≈+++#§§§§§§§§≈#..


You could see an orange demon.

Vanquished Creatures
  A pandemonium lord (D)
  the Lernaean hydra (D)
  2 golden dragons (D)
  A bone dragon (D)
  A hellephant (D)
  A deep elf blademaster (D)
  Murray (D)
  3 quicksilver dragons (D)
  Kirke (D)
  2 sphinxes (D)
  A kraken (D)
  Gastronok (D)
  2 storm dragons (D)
  A draconian knight (D)
  A balrug (D)
  A frost giant (D)
  A draconian shifter (D)
  A reaper (D)
  A dire elephant (D)
  Nessos (D)
  3 lorocyprocas (D)
  A deep elf high priest (D)
  A fire dragon (D)
  A crystal guardian (D)
  A yaktaur captain (D)
  A centaur warrior (D)
  An ice dragon (D)
  3 sun demons (D)
  Sonja (D)
  3 sixfirhies (D)
  A skeletal warrior (D)
  A death drake (D)
  2 deep trolls (D)
  An obsidian statue (D)
  A glowing orange brain (D)
  A harpy (D)
  15 shining eyes (D)
  3 orc sorcerers (D)
  An oklob plant (D)
  A rust devil (D)
  An elephant (D)
  2 toenail golems (D)
  An eye of devastation (D)
  An ice statue (D)
  An orange demon (D)
  2 unseen horrors (D)
  A kobold demonologist (D)
  A yaktaur (D)
  3 polar bears (D)
  A hornet (D)
  2 slime creatures (D)
  18 flying skulls (D)
  4 wyverns (D)
  2 redbacks (D)
  A vampire mosquito (D)
  Menkaure (D)
  3 water moccasins (D)
  10 floating eyes (D)
  4 hell hounds (D)
  2 swamp drakes (D)
  4 scorpions (D)
  5 necrophages (D)
  A lava snake (D)
  A jelly (D)
  4 orc priests (D)
  An iron imp (D)
  3 worms (D)
  2 spectral bats (D)
  4 tentacles (D)
154 creatures vanquished.

Vanquished Creatures (collateral kills)
  Roxanne (D)
  A cacodemon (D)
  A water moccasin (D)
  3 lava snakes (D)
6 creatures vanquished.

Vanquished Creatures (others)
  2 ballistomycete spores (D)
  11 tentacles (D)
13 creatures vanquished.

Grand Total: 173 creatures vanquished

Notes
Turn   | Place    | Note
-------+----------+-------------------------------------------
     0 | D        | Turgor the Minotaur Berserker began the quest for the Orb.
     0 | D        | Reached XP level 1. HP: 19/19 MP: 0/0
     1 | D        | Noticed a necrophage
     1 | D        | Noticed a necrophage
     1 | D        | Noticed a necrophage
     1 | D        | Noticed a necrophage
     7 | D        | Killed a necrophage
     8 | D        | Reached skill level 5 in Fighting
     8 | D        | Reached skill level 6 in Axes
     8 | D        | Reached XP level 2. HP: 29/29 MP: 1/1
     8 | D        | Reached XP level 3. HP: 36/36 MP: 2/2
    12 | D        | Killed a necrophage
    13 | D        | Reached skill level 8 in Axes
    13 | D        | Reached skill level 5 in Armour
    13 | D        | Reached skill level 5 in Dodging
    13 | D        | Reached XP level 4. HP: 44/44 MP: 3/3
    19 | D        | Killed a necrophage
    19 | D        | Reached ** piety under Trog
    20 | D        | Reached skill level 9 in Axes
    20 | D        | Reached XP level 5. HP: 47/51 MP: 4/4
    79 | D        | Reached *** piety under Trog
   120 | D        | Reached skill level 10 in Axes
   120 | D        | Reached XP level 6. HP: 61/61 MP: 5/5
   122 | D        | Reached skill level 11 in Axes
   125 | D        | Reached skill level 12 in Axes
   126 | D        | Reached **** piety under Trog
   163 | D        | Noticed a wyvern
   163 | D        | Noticed a wyvern
   167 | D        | Killed a wyvern
   168 | D        | Reached skill level 10 in Fighting
   168 | D        | Reached skill level 13 in Axes
   168 | D        | Reached XP level 7. HP: 72/72 MP: 6/6
   169 | D        | Killed a wyvern
   170 | D        | Reached skill level 14 in Axes
   214 | D        | Found Remana Mual's Book Emporium.
   214 | D        | Found Pemewasi's Antique Armour Emporium.
   214 | D        | Found Doipsiuwn's Distillery.
   214 | D        | Found Gunoufoi's Distillery.
   214 | D        | Found Liheoseot's Antique Armour Emporium.
   214 | D        | Found Xomeav's Antique Weapon Emporium.
   214 | D        | Found Hodghimi's Book Shoppe.
   215 | D        | Found Jurudo's Magic Scroll Emporium.
   215 | D        | Found Qoar Hoxer's Book Shoppe.
   215 | D        | Found Piha Tah's Jewellery Shoppe.
   215 | D        | Noticed an ice dragon
   216 | D        | Found Qireh's Antique Armour Emporium.
   217 | D        | Found Qypoth's Antique Weapon Shoppe.
   217 | D        | Found Kotad's Antique Armour Emporium.
   217 | D        | Noticed Menkaure
   217 | D        | Noticed an oklob plant
   218 | D        | Found Folo's Jewellery Shoppe.
   218 | D        | Found Siskias's Book Shoppe.
   227 | D        | Killed Menkaure
   228 | D        | Reached skill level 15 in Axes
   240 | D        | Noticed a wyvern
   242 | D        | Noticed a wyvern
   244 | D        | Bought a runed plate armour for 390 gold pieces
   290 | D        | Found an iron altar of Okawaru.
   290 | D        | Found an opulent altar of Gozag.
   291 | D        | Found a sparkling altar of Nemelex Xobeh.
   291 | D        | Found a blossoming altar of Fedhas.
   292 | D        | Found a radiant altar of Vehumet.
   292 | D        | Found a burning altar of Makhleb.
   292 | D        | Found a white marble altar of Elyvilon.
   293 | D        | Found a hide-covered altar of Uskayaw.
   293 | D        | Found a corrupted altar of Lugonu.
   293 | D        | Found a shadowy altar of Dithmenos.
   294 | D        | Found a glowing silver altar of Zin.
   294 | D        | Found a bloodstained altar of Trog.
   294 | D        | Found an ancient bone altar of Kikubaaqudgha.
   295 | D        | Found a basalt altar of Yredelemnul.
   295 | D        | Found a shimmering blue altar of Sif Muna.
   295 | D        | Found a viscous altar of Jiyva.
   296 | D        | Found a shimmering altar of Xom.
   296 | D        | Found a sacrificial altar of Ru.
   298 | D        | Found a glowing golden altar of the Shining One.
   298 | D        | Found an ornate altar of the Wu Jian Council.
   298 | D        | Found a stormy altar of Qazlal.
   298 | D        | Found a snail-covered altar of Cheibriados.
   298 | D        | Found a hazy altar of Hepliaklqana.
   298 | D        | Noticed a hornet
   298 | D        | Noticed a polar bear
   298 | D        | Noticed a polar bear
   298 | D        | Noticed a polar bear
   298 | D        | Noticed a yaktaur
   306 | D        | Killed a polar bear
   307 | D        | Reached XP level 8. HP: 82/82 MP: 7/7
   308 | D        | Killed a hornet
   309 | D        | Killed a polar bear
   309 | D        | Reached ***** piety under Trog
   310 | D        | Reached skill level 16 in Axes
   318 | D        | Killed a yaktaur
   318 | D        | Received a gift from Trog
   321 | D        | Reached skill level 10 in Armour
   322 | D        | Killed a polar bear
   323 | D        | Reached XP level 9. HP: 38/91 MP: 8/8
   332 | D        | Noticed an obsidian statue
   498 | D        | Noticed a kraken
   663 | D        | Killed a kraken
   664 | D        | Reached skill level 18 in Axes
   870 | D        | Noticed a deep troll
   870 | D        | Noticed a deep troll
   877 | D        | Killed a deep troll
   878 | D        | Reached skill level 10 in Dodging
   878 | D        | Reached XP level 10. HP: 102/102 MP: 3/9
   880 | D        | Killed a deep troll
   881 | D        | Reached skill level 19 in Axes
   936 | D        | Noticed a sphinx
   936 | D        | Noticed a sphinx
   943 | D        | Killed a sphinx
   943 | D        | Killed a sphinx
   944 | D        | Reached skill level 15 in Fighting
   944 | D        | Reached skill level 20 in Axes
  1005 | D        | Noticed a crystal guardian
  1036 | D        | Bought a ring of poison resistance for 240 gold pieces
  1051 | D        | Bought a scroll of fog for 26 gold pieces
  1051 | D        | Bought a scroll of identify for 26 gold pieces
  1053 | D        | Bought a scroll of identify for 26 gold pieces
  1053 | D        | Bought a scroll of identify for 26 gold pieces
  1072 | D        | Received a gift from Trog
  1082 | D        | Identified Roxanne's Compendium of Stones
  1082 | D        | Noticed Roxanne
  1109 | D        | Noticed an ice statue
  1121 | D        | Killed an ice statue
  1410 | D        | Noticed Kirke
  1410 | D        | Noticed a yaktaur captain
  1410 | D        | Noticed a skeletal warrior
  1424 | D        | Killed a yaktaur captain
  1427 | D        | Reached XP level 11. HP: 113/113 MP: 3/10
  1429 | D        | Killed a skeletal warrior
  1430 | D        | Reached skill level 21 in Axes
  1436 | D        | Killed Kirke
  1472 | D        | Noticed a fire dragon
  1479 | D        | Noticed a centaur warrior
  1487 | D        | Killed a fire dragon
  1565 | D        | Reached ****** piety under Trog
  1638 | D        | Killed a centaur warrior
  1638 | D        | Received a gift from Trog
  1639 | D        | Reached skill level 22 in Axes
  1659 | D        | Reached skill level 15 in Armour
  1667 | D        | Bought the amulet of Vitality {Regen+ HP+15} for 948 gold
                  | pieces
  1667 | D        | Found the amulet of Vitality {Regen+ HP+15}
  1894 | D        | Noticed a storm dragon
  1894 | D        | Noticed a golden dragon
  1895 | D        | Noticed a bone dragon
  1908 | D        | Killed a storm dragon
  1909 | D        | Noticed a cacodemon
  1932 | D        | Killed a cacodemon
  1951 | D        | Killed Roxanne
  1960 | D        | Found Wanket's Antique Armour Boutique.
  1973 | D        | Reached skill level 23 in Axes
  1980 | D        | Received a gift from Trog
  1988 | D        | Noticed a deep elf high priest
  2012 | D        | Killed a golden dragon
  2013 | D        | Reached XP level 12. HP: 120/125 MP: 3/11
  2075 | D        | Killed a deep elf high priest
  2126 | D        | Killed a bone dragon
  2127 | D        | Reached skill level 24 in Axes
  2210 | D        | Gained mutation: You sometimes lose the ability to read
                  | scrolls when taking damage. [a shining eye]
  2211 | D        | Gained mutation: You tend to lose your temper in combat. [a
                  | shining eye]
  2216 | D        | Reached skill level 1 in Throwing
  2221 | D        | Received a gift from Trog
  2268 | D        | Found Monwieph's Magic Scroll Emporium.
  2268 | D        | Found Quxtaz's Antique Armour Shop.
  2268 | D        | Found Yjung's Armour Shop.
  2268 | D        | Found Wudwato's Antique Weapon Shoppe.
  2268 | D        | Found Nipaown's Assorted Antiques.
  2269 | D        | Found Abrac's Antique Weapon Shoppe.
  2269 | D        | Found Vuukhluff's Distillery.
  2269 | D        | Found Bobiv's Distillery.
  2269 | D        | Found Koifaidd's Antique Weapon Shop.
  2269 | D        | Found Feon Beb's Magic Scroll Emporium.
  2269 | D        | Found Alezerul's General Store.
  2269 | D        | Found Owyiwi's Assorted Antiques.
  2271 | D        | Bought a scroll of identify for 26 gold pieces
  2271 | D        | Bought a scroll of identify for 26 gold pieces
  2273 | D        | Bought a scroll of identify for 26 gold pieces
  2273 | D        | Bought a scroll of identify for 26 gold pieces
  2273 | D        | Bought a scroll of identify for 26 gold pieces
  2273 | D        | Identified a scroll of acquirement
  2281 | D        | Acquired 609 gold pieces
  2332 | D        | Bought a scroll of identify for 24 gold pieces
  2332 | D        | Bought a ring of protection from cold for 300 gold pieces
  2380 | D        | Noticed a storm dragon
  2390 | D        | Killed a storm dragon
  2391 | D        | Reached skill level 5 in Throwing
  2391 | D        | Reached skill level 15 in Dodging
  2429 | D        | Found Tuklalenko's Armour Boutique.
  2429 | D        | Found Puidotiuf's Book Shoppe.
  2429 | D        | Found Exkiomel's Assorted Antiques.
  2429 | D        | Found Aguonuc's Antique Weapon Boutique.
  2429 | D        | Noticed a golden dragon
  2436 | D        | Killed a golden dragon
  2495 | D        | Bought a ring of see invisible for 180 gold pieces
  2536 | D        | Killed a crystal guardian
  2608 | D        | Noticed a frost giant
  2652 | D        | Killed a frost giant
  2809 | D        | Found Mucroud's Book Shoppe.
  2810 | D        | Identified the +7 trident of Greed {flame, rC+++}
  2810 | D        | Identified the ring "Koggeusi" {rC+ Str+3 Dex+3}
  2819 | D        | Found Kiagro's Assorted Antiques.
  2820 | D        | Found Wuwac's Book Boutique.
  2823 | D        | Noticed Nessos
  2834 | D        | Killed Nessos
  2842 | D        | Bought a scroll labelled SECUET BUMEDANN for 21 gold pieces
  2842 | D        | Bought a scroll labelled VOACEU BARO for 21 gold pieces
  2842 | D        | Bought a scroll of identify for 42 gold pieces
  2842 | D        | Bought a scroll of identify for 42 gold pieces
  2897 | D        | Reached XP level 13. HP: 131/137 MP: 4/12
  2940 | D        | Noticed Gastronok
  2946 | D        | Killed Gastronok
  2946 | D        | Identified the +7 executioner's axe of Unreason {vorpal,
                  | Str+2} (Trog gifted it to you in the Dungeon)
  2946 | D        | Received a gift from Trog
  2947 | D        | Reached skill level 10 in Throwing
  2985 | D        | Noticed a dire elephant
  2991 | D        | Killed a dire elephant
  2999 | D        | Received a gift from Trog
  3002 | D        | Found the +7 Singing Sword {vorpal, sonic wave}
  3030 | D        | Identified the +12 bardiche of Lainaung {freeze, Fly rElec
                  | rF+}
  3061 | D        | Identified the +4 troll leather armour of Cueskibb {rElec
                  | Regen+}
  3140 | D        | Reached skill level 1 in Polearms
  3140 | D        | Reached skill level 1 in Evocations
  3158 | D        | Received a gift from Trog
  3304 | D        | Noticed a deep elf blademaster
  3308 | D        | Reached skill level 5 in Polearms
  3316 | D        | Killed a deep elf blademaster
  3320 | D        | Reached skill level 5 in Evocations
  3322 | D        | Received a gift from Trog
  3414 | D        | Noticed Sonja
  3414 | D        | Noticed a hellephant
  3421 | D        | Killed a hellephant
  3423 | D        | Killed Sonja
  3424 | D        | Noticed a purple draconian shifter
  3435 | D        | Killed a purple draconian shifter
  3435 | D        | Received a gift from Trog
  3511 | D        | Bought the +3 pair of seven-league boots {Rampage+∞} for
                  | 560 gold pieces
  3511 | D        | Found the +3 pair of seven-league boots {Rampage+∞}
  3519 | D        | Bought a twisted lead wand for 100 gold pieces
  3552 | D        | Bought 3 scrolls labelled ESEQUIPSUE for 72 gold pieces
  3556 | D        | Bought a scroll of fog for 20 gold pieces
  3556 | D        | Bought a scroll of blinking for 75 gold pieces
  3556 | D        | Bought a scroll of identify for 20 gold pieces
  3557 | D        | Bought a potion of cancellation for 96 gold pieces
  3557 | D        | Bought a potion of heal wounds for 60 gold pieces
  3557 | D        | Bought a potion of heal wounds for 60 gold pieces
  3557 | D        | Bought a potion of curing for 36 gold pieces
  3557 | D        | Bought a potion of haste for 120 gold pieces
  3612 | D        | Bought a ring of positive energy for 240 gold pieces
  3641 | D        | Noticed a black draconian knight
  3643 | D        | Noticed the 27-headed Lernaean hydra
  3679 | D        | Killed a black draconian knight
  3679 | D        | Received a gift from Trog
  3680 | D        | Reached skill level 10 in Polearms
  3763 | D        | Identified the ring of the Durable God {AC+4 Dex+4 Slay+3
                  | Stlth+}
  3819 | D        | Killed the 26-headed Lernaean hydra
  3826 | D        | Found Tacvient's Assorted Antiques.
  4030 | D        | Paralysed by a floating eye for 3 turns
  4031 | D        | Gained mutation: Your body sometimes deteriorates upon
                  | taking damage. [a shining eye]
  4035 | D        | Received a gift from Trog
  4038 | D        | Reached XP level 14. HP: 151/151 MP: 0/13
  4040 | D        | Received a gift from Trog
  4041 | D        | Paralysed by a floating eye for 3 turns
  4041 | D        | Gained mutation: Your spells are a little easier to cast,
                  | but a little less powerful. [a shining eye]
  4049 | D        | Received a gift from Trog
  4050 | D        | Reached skill level 10 in Evocations
  4061 | D        | Identified the +4 hand axe of War {vorpal, Will++ MP+9
                  | Str+2 Dex+3}
  4074 | D        | Identified the ring "Umisecko" {Ice rElec Will+}
  4088 | D        | Reached XP level 15. HP: 158/158 MP: 4/14
  4089 | D        | Reached XP level 16. HP: 167/167 MP: 4/15
  4090 | D        | Lost mutation: You tend to lose your temper in combat.
                  | [potion of mutation]
  4090 | D        | Lost mutation: You sometimes lose the ability to read
                  | scrolls when taking damage. [potion of mutation]
  4091 | D        | Lost mutation: Your spells are a little easier to cast, but
                  | a little less powerful. [potion of mutation]
  4091 | D        | Lost mutation: Your body sometimes deteriorates upon taking
                  | damage. [potion of mutation]
  4091 | D        | Gained mutation: Your magical capacity is low. (-10% MP)
                  | [potion of mutation]
  4091 | D        | Gained mutation: Your mind is acute. (Int +2) [potion of
                  | mutation]
  4180 | D        | Noticed a quicksilver dragon
  4188 | D        | Killed a quicksilver dragon
  4194 | D        | Received a gift from Trog
  4327 | D        | Noticed a quicksilver dragon
  4327 | D        | Noticed a quicksilver dragon
  4331 | D        | Killed a quicksilver dragon
  4334 | D        | Killed a quicksilver dragon
  4399 | D        | Noticed Murray
  4405 | D        | Killed Murray
  4443 | D        | Got the Orb of Zot
  4465 | D        | Received a gift from Trog
  4466 | D        | Reached skill level 15 in Polearms
  4516 | D        | Noticed Rewuotog the pandemonium lord
  4526 | D        | Killed Rewuotog the pandemonium lord
  4526 | D        | Received a gift from Trog
  4577 | D        | Escaped with the Orb!

Illustrated notes

Levels and vault maps discovered:
D:        the_violet_keep_of_menkaure [sprint2_stairs_cluster_1,
          sprint2_shoproom, sprint2_temple, sprint2_basic_supplies,
          sprint2_obstacle_6, sprint2_obstacle_3, sprint2_obstacle_2,
          sprint2_obstacle_5, sprint2_obstacle_1, sprint2_timed_cluster_1,
          sprint2_smallroom_cluster_1, sprint2_smallroom_final_cluster_1,
          sprint2_transparent_cluster_1, sprint2_second_timed_cluster_1,
          sprint2_sniper_area_1, sprint2_heavy_combat_area_1,
          sprint2_mutation_trap_area_1, sprint2_forest_area_1,
          sprint2_light_combat_area_1, sprint2_behind_water_1,
          sprint2_near_end_vault_1]

Skill      XL: |  1  2  3  4  5  6  7  8  9 10 11 12 13 14 15 16 |
---------------+-------------------------------------------------+-----
Fighting       | 5 6 8 10 11 12 13 15 17 19 21 22 | 22.3
Axes           | 6 8 9 10 13 15 16 18 20 23 24 | 24.0
Armour         | 4 5 6 7 10 12 14 16 18 20 21 | 21.4
Dodging        | 4 5 6 8 10 12 14 16 17 18 | 18.2
Throwing       | 9 11 | 11.0
Polearms       | 12 13 16 | 16.2
Evocations     | 9 10 11 13 | 13.7

Action                   |  1- 3 |  4- 6 |  7- 9 | 10-12 | 13-15 | 16-18 || total
-------------------------+-------+-------+-------+-------+-------+-------++-------
Melee: Hand axe          |    10 |    34 |    21 |       |       |       ||    65
       Headbutt          |       |     8 |    13 |    36 |    23 |    13 ||    93
       Punch             |       |       |     1 |       |       |       ||     1
       Executioner's axe |       |       |    32 |   155 |   120 |    43 ||   350
Invok: Berserk           |     1 |     2 |     4 |    16 |     7 |     3 ||    33
       Trog's Hand       |       |     1 |     4 |    13 |     8 |     5 ||    31
       Brothers in Arms  |       |       |     1 |     3 |     1 |       ||     5
  Use: Scroll            |       |       |     4 |    17 |     5 |       ||    26
       Potion            |       |       |       |     7 |     7 |     5 ||    19
Armor: Animal skin       |     1 |     1 |       |       |       |       ||     2
       Plate armour      |       |       |    35 |    60 |       |       ||    95
       Gold dragon scale |       |       |       |    21 |    63 |    23 ||   107
Dodge: Dodged            |     3 |     9 |    23 |    62 |    32 |    14 ||   143

Table legend: (Time is in decaauts)
 A = Elapsed time spent in this place.
 B = Non-inter-level travel time spent in this place.
 C = Inter-level travel time spent in this place.
 D = Time resting spent in this place.
 E = Time spent auto-exploring this place.
 F = Levels seen in this place.
 G = Mean time per level.
                   A        B        C        D        E       F      G
               +--------+--------+--------+--------+--------+-----+--------+
         Total |   4845 |   4769 |     76 |   2159 |      0 |   1 | 4845.0 |
       Dungeon |   4845 |   4769 |     76 |   2159 |      0 |   1 | 4845.0 |
               +--------+--------+--------+--------+--------+-----+--------+

Top non-repeatable levels by time:
       D: 4845 daAuts
